 Dungeon Crawl Stone Soup version 0.19-a0-1672-g679cadd (webtiles) character file.

1305 Amnesiac the Conjurer (level 8, -6/67 HPs)
             Began as an Ogre Fire Elementalist on Sept 23, 2016.
             Mangled by a gnoll
             ... wielding a +0 flail
              (7 damage)
             ... on level 6 of the Dungeon.
             The game lasted 00:09:41 (4408 turns).

Amnesiac the Conjurer (Ogre Fire Elementalist)      Turns: 4408, Time: 00:09:42

Health: -6/67      AC:  4    Str: 19    XL:     8   Next: 57%
Magic:  0/15       EV: 10    Int: 16    God:
Gold:   120        SH:  0    Dex: 10    Spells: 5 memorised, 2 levels left

rFire  . . .     SeeInvis .     i - +0 dagger (elec)
rCold  . . .     Gourm    .     a - +0 robe
rNeg   . . .     Faith    .     (no shield)
rPois  .         Spirit   .     (helmet restricted)
rElec  .         Dismiss  .     h - +0 cloak
rCorr  .         Reflect  .     (gloves unavailable)
MR     .....     Harm     .     (boots unavailable)
Stlth  +.........               (no amulet)
                                (no ring)
                                (no ring)

@: mighty, very slightly contaminated
A: unfitting armour, tough skin 1
a: no special abilities


You were on level 6 of the Dungeon.
You were very hungry.

You visited 1 branch of the dungeon, and saw 6 of its levels.
You also visited: Sewer.

You collected 120 gold pieces.

Inventory:

Hand Weapons
 f - a +2 dagger of speed
 i - a +0 dagger of electrocution (weapon)
Armour
 a - a +0 robe (worn)
 h - a +0 cloak (worn)
Wands
 l - a wand of iceblast (5/15)
 q - a wand of confusion (11/48)
 v - a wand of flame (24/48)
 w - a wand of acid (10/15)
Scrolls
 e - 2 scrolls of fog {unknown}
 p - 2 scrolls of teleportation {unknown}
 r - 2 scrolls of identify {unknown}
 s - a scroll of amnesia {unknown}
 x - a scroll of magic mapping {unknown}
Potions
 d - 2 potions of lignification
 g - a potion of cure mutation {unknown}
 j - a potion of beneficial mutation {unknown}
 m - a potion of haste {unknown}
 n - a potion of might
 t - a potion of curing {unknown}
 u - a potion of degeneration {unknown}
Books
 b - a book of Flames

   Spells                             Type                      Level
   a - Flame Tongue                   Conjuration/Fire             1
   b - Throw Flame                    Conjuration/Fire             2
   c - Conjure Flame                  Conjuration/Fire             3
   d - Inner Flame                    Hexes/Fire                   3
   e - Sticky Flame                   Conjuration/Fire             4
   f - Fireball                       Conjuration/Fire             5
Comestibles
 c - 4 bread rations
 k - a slice of pizza
 o - 3 meat rations
 z - 2 fruits
 A - a chunk of flesh


   Skills:
 - Level 1.7 Dodging
 - Level 1.5 Stealth
 + Level 5.1 Spellcasting
 + Level 5.2 Conjurations
 + Level 5.1 Fire Magic


You had 2 spell levels left.
You knew the following spells:

 Your Spells              Type           Power        Failure   Level  Hunger
b - Fireball              Conj/Fire      ###.......   63%         5    ######.
e - Sticky Flame          Conj/Fire      ###.....     21%         4    ####...
f - Throw Flame           Conj/Fire      ###...       3%          2    #......
s - Conjure Flame         Conj/Fire      ###.....     8%          3    ###....
z - Flame Tongue          Conj/Fire      ###..        1%          1    None


Dungeon Overview and Level Annotations

Branches:
Dungeon (6/15)
 Temple: D:4-7

Altars:
Elyvilon
Gozag
Nemelex Xobeh
Qazlal
Vehumet

Shops:
D:5 [:


Innate Abilities, Weirdness & Mutations

You are too large for most types of armour.
You have tough skin. (AC +1)


Message History

* * * LOW HITPOINT WARNING * * *
The centaur shoots an arrow.
The arrow hits you!
* * * LOW HITPOINT WARNING * * *
You see here an arrow.
Casting: Flame Tongue
Confirm with . or Enter, or press ? or * to list all spells.
Aiming: Sticky Flame
Press: ? - help, Shift-Dir - straight line, f/p - gnoll
Aim: a gnoll, wielding a flail and wearing a faintly humming ring mail You miscast Sticky Flame.
You are very lightly contaminated with residual magic.
You smell something strange.
You are feeling very hungry.
The gnoll hits you with a flail!
* * * LOW HITPOINT WARNING * * *
Unknown command.
It was a potion of might.
You feel very mighty all of a sudden. The gnoll hits you with a flail!
You die...

#.################
#......@gg.c...(.#
#.##############.#######
..#......รท.....
#.#.###.#######
######.#+##....#
##......g.....c.####.
#..>......)..........
#......#.)......####.
........#....#####


You could see a centaur and 2 gnolls.

Vanquished Creatures
  Eustachio (D:5)
  2 ogres
  A centaur (D:5)
  5 big kobolds (Sewer)
  A bullfrog (D:6)
  2 crimson imps
  2 centaur skeletons
  2 hounds
  2 orc wizards (D:6)
  Natasha (twice) (D:4)
  3 worker ants
  2 gnolls (D:6)
  2 adders
  2 river rats (Sewer)
  A shadow imp (D:5)
  5 oozes
  An adder skeleton (D:4)
  7 worms
  4 leopard geckos
  4 orcs
  3 ball pythons (Sewer)
  2 goblins
  A hobgoblin (D:1)
  3 jackals (D:5)
  3 kobolds (Sewer)
  3 frilled lizards
  A leopard gecko zombie (D:5)
  5 rats
72 creatures vanquished.

Notes
Turn   | Place    | Note
-------+----------+-------------------------------------------
     0 | D:1      | Amnesiac the Ogre Fire Elementalist began the quest for the Orb.
     0 | D:1      | Reached XP level 1. HP: 16/16 MP: 3/3
   192 | D:2      | Reached skill level 1 in Conjurations
   192 | D:2      | Reached XP level 2. HP: 24/24 MP: 0/5
   265 | D:2      | Found a faded altar of an unknown god.
   335 | D:2      | Found a sparkling altar of Nemelex Xobeh.
   510 | D:3      | Reached XP level 3. HP: 22/31 MP: 6/6
   567 | D:3      | Found a glowing drain.
   574 | Sewer    | Entered a sewer
   596 | Sewer    | Noticed a big kobold
   605 | Sewer    | Killed a big kobold
   605 | Sewer    | Reached XP level 4. HP: 39/39 MP: 3/7
   745 | Sewer    | Reached XP level 5. HP: 45/45 MP: 6/8
   785 | Sewer    | Noticed a big kobold
   795 | Sewer    | Killed a big kobold
   837 | Sewer    | Noticed a big kobold
   846 | Sewer    | Killed a big kobold
   846 | Sewer    | Reached XP level 6. HP: 52/53 MP: 3/9
  1205 | Sewer    | Reached XP level 7. HP: 58/59 MP: 1/10
  1420 | D:4      | Found an opulent altar of Gozag.
  1684 | D:4      | Learned a level 4 spell: Sticky Flame
  1688 | D:4      | Learned a level 3 spell: Conjure Flame
  1900 | D:4      | Noticed Natasha
  1910 | D:4      | Killed Natasha
  2277 | D:4      | Found a stormy altar of Qazlal.
  2364 | D:4      | Noticed Natasha
  2371 | D:4      | Killed Natasha
  2678 | D:5      | Entered Level 5 of the Dungeon
  2809 | D:5      | Found a radiant altar of Vehumet.
  2816 | D:5      | Found Papith's Antique Armour Boutique.
  2879 | D:5      | Found Natsais's Book Shop.
  3070 | D:5      | Reached XP level 8. HP: 39/67 MP: 0/14
  3240 | D:5      | Noticed Eustachio
  3304 | D:5      | Killed Eustachio
  3664 | D:5      | Reached skill level 5 in Conjurations
  3803 | D:5      | Learned a level 2 spell: Throw Flame
  3809 | D:5      | Learned a level 5 spell: Fireball
  3846 | D:5      | Found a white marble altar of Elyvilon.
  3965 | D:5      | Reached skill level 5 in Fire Magic
  4323 | D:6      | Reached skill level 5 in Spellcasting
  4405 | D:6      | HP: 1/67 [gnoll/flail (7)]
  4408 | D:6      | Mangled by a gnoll

Vault maps used:
D:1:      dpeg_arrival_rhombi, feat_on_display
D:2:      nemelex_xobeh_ov_fountains_minmay, marbit_many_paths,
          ecumenical_altar_1
D:3:      ashenzari_conservatory_becter, lightli_sewer_entry_pipes, uniq_robin
D:4:      nicolae_gozag_seed_capital, first_bread,
          nicolae_qazlal_general_emergency, uniq_natasha
D:5:      basic_altar, serial_shops, nicolae_shop_window_shopping, shop,
          elyvilon_altar_1, uniq_eustachio
D:6:      vehumet_crystals, lemuel_doored_altar, trog_ov_bears_minmay,
          uniq_prince_ribbit1
Sewer:    sewer_co_tree

Skill      XL: |  1  2  3  4  5  6  7  8 |
---------------+-------------------------+-----
Conjurations   | 1 2 3 4 5 |  5.2
Fire Magic     | 3 4 5 |  5.1
Spellcasting   | 4 5 |  5.1
Dodging        | |  1.7
Stealth        | |  1.5

Action                   |  1- 3 |  4- 6 |  7- 9 || total
-------------------------+-------+-------+-------++-------
Melee: Dagger            |    32 |       |    59 ||    91
 Cast: Flame Tongue      |    20 |    43 |    91 ||   154
       Sticky Flame      |       |       |     8 ||     8
       Conjure Flame     |       |       |     1 ||     1
       Throw Flame       |       |       |    12 ||    12
  Use: Potion            |       |       |     2 ||     2
  Eat: Chunk             |       |     2 |    13 ||    15
Armor: Robe              |    14 |     8 |    46 ||    68
       Skin              |       |       |    13 ||    13
Dodge: Dodged            |    13 |     4 |   108 ||   125
